 Dungeon Crawl Stone Soup version 0.24-a0-157-g36218c0 (webtiles) character file.

Game seed: 9352700492166010419

68 Kurtz the Cudgeler (level 4, 26/35 HPs)
             Began as a Mummy Chaos Knight on Mar 5, 2019.
             Was a Plaything of Xom.
             Quit the game on level 3 of the Dungeon.
             The game lasted 00:01:29 (1433 turns).

Kurtz the Cudgeler (Mummy Chaos Knight)             Turns: 1433, Time: 00:01:29

Health: 26/35      AC:  5    Str: 15    XL:     4   Next: 1%
Magic:  4/4        EV: 11    Int: 11    God:    Xom [..*...]
Gold:   69         SH:  0    Dex: 12    Spells: 3/3 levels left

rFire    . . .     SeeInvis .   a - +1 mace (chaos)
rCold    + . .     Gourm    .   (no shield)
rNeg     + + +     Faith    .   b - +2 leather armour
rPois    ∞         Spirit   .   (no helmet)
rElec    .         Reflect  .   (no cloak)
rCorr    .         Harm     .   (no gloves)
MR       .....                  (no boots)
Stlth    +.........             (no amulet)
HPRegen  0.11/turn              c - ring of protection from fire
MPRegen  0.09/turn              (no ring)

@: no status effects
A: no food or potions, fire vulnerability, cold resistance 1, negative energy
resistance 3, torment resistance, unbreathing
a: Renounce Religion


You were on level 3 of the Dungeon.
You worshipped Xom.
You were a toy of Xom.
You were not hungry.

You visited 1 branch of the dungeon, and saw 3 of its levels.

You collected 69 gold pieces.

Inventory:

Hand Weapons
 a - a +1 mace of chaos (weapon)
Armour
 b - a +2 leather armour (worn)
Jewellery
 c - a ring of protection from fire (left hand)


   Skills:
 - Level 3.0 Fighting
 * Level 4.0 Maces & Flails
 - Level 1.5 Armour
 - Level 0.7 Dodging


You had 3 spell levels left.
You didn't know any spells.
Your spell library was empty.

Dungeon Overview and Level Annotations

Branches:
Dungeon (3/15)

Altars:

Annotations:
D:2 Robin


Innate Abilities, Weirdness & Mutations

You do not eat or drink.
Your flesh is vulnerable to fire.
You are immune to poison.
Your flesh is cold resistant. (rC+)
You are immune to negative energy. (rN+++)
You are immune to unholy pain and torment.
You can survive without breathing.


Message History

You hit the orc. You burn the orc.
The orc is severely wounded.
The orc barely misses you. x2
You closely miss the orc.
The orc is severely wounded.
The orc hits you.
You closely miss the orc.
The orc is severely wounded.
The orc closely misses you.
You thump the orc! You freeze the orc.
You kill the orc!
The hobgoblin closely misses you.
You hit the hobgoblin. You burn the hobgoblin.
The hobgoblin is almost dead.
The hobgoblin barely misses you.
You sock the hobgoblin!
You kill the hobgoblin!
You have reached level 4!
Found a stone staircase leading up.
Are you sure you want to abandon this character and quit the game? (Confirm with "yes".)

.# #....# .# #.....
.. #.#.## ###. #
#..... #.. .# ###.##
#.#####.# #.#
##..<#... #.#.
####....#.#######...
+..@............)[(.
####....#########...
##.#.# #... ###.#
.### ... # #.## ..#
###


There were no monsters in sight!

Vanquished Creatures
  2 adders
  2 worms (D:2)
  2 leopard geckos
  2 orcs (D:3)
  2 bats (D:2)
  3 giant cockroaches (D:2)
  3 goblins (D:2)
  5 hobgoblins
  4 jackals (D:2)
  4 kobolds
  A ball python (D:2)
  3 frilled lizards
  5 rats
38 creatures vanquished.

Vanquished Creatures (others)
  A kobold (D:2)
1 creature vanquished.

Grand Total: 39 creatures vanquished

Notes
Turn   | Place    | Note
-------+----------+-------------------------------------------
     0 | D:1      | Kurtz the Mummy Chaos Knight began the quest for the Orb.
     0 | D:1      | Reached XP level 1. HP: 18/18 MP: 1/1
    63 | D:1      | XOM: silly message
   283 | D:2      | XOM: harmless Erth miscast
   286 | D:2      | Reached skill level 3 in Maces & Flails
   286 | D:2      | Reached XP level 2. HP: 7/24 MP: 2/2
   475 | D:2      | XOM: harmless Ice miscast
   629 | D:2      | XOM: butterfly on damage
   683 | D:2      | Reached XP level 3. HP: 18/29 MP: 3/3
   683 | D:2      | XOM: harmless Fire miscast
  1056 | D:2      | XOM: confuse monster(s)
  1100 | D:2      | Noticed Robin
  1106 | D:2      | Noticed Robin
  1106 | D:2      | Robin changed into Robin the shapeshifter
  1106 | D:2      | Noticed Robin
  1106 | D:2      | Robin the shapeshifter changed into Robin the black bear
  1128 | D:2      | XOM: divination: detect items
  1134 | D:2      | Noticed Robin
  1412 | D:3      | Reached skill level 4 in Maces & Flails
  1420 | D:3      | Reached XP level 4. HP: 24/35 MP: 4/4
  1433 | D:3      | Quit the game

Levels and vault maps discovered:
D:1:      dpeg_arrival_yet_another_circle, layout_loops_cross, minivault_14,
          minmay_unequal
D:2:      layout_loops_cross, nicolae_ru_awakened_eye, uniq_robin
D:3:      layout_loops_corners, first_ration, gup_sewer_entry_spiral,
          chequers_serial_rivers_small_b

Skill      XL: |  1  2  3 |
---------------+----------+-----
Maces & Flails | 3 4 |  4.0
Fighting       | |  3.0
Armour         | |  1.5
Dodging        | |  0.7

Action                   |  1- 3 |  4- 6 || total
-------------------------+-------+-------++-------
Melee: Mace              |   117 |       ||   117
  Use: Scroll            |     5 |       ||     5
 Stab: Petrified         |     4 |       ||     4
       Confused          |     1 |       ||     1
       Paralysed         |     1 |       ||     1
       Sleeping          |     1 |       ||     1
Armor: Leather armour    |    50 |       ||    50
Dodge: Dodged            |    83 |       ||    83

Table legend:
 A = Non-vault XP
 B = Vault XP
 C = Vault XP percentage of total XP
 D = Non-vault monster count
 E = Vault monster count
 F = Vault count percentage of total count
                 A         B        C        D         E       F
            +---------+---------+-------+---------+---------+-------
      Total |      96 |       2 |   2.0 |      38 |       1 |   2.6
            +---------+---------+-------+---------+---------+-------
        D:1 |       6 |       0 |   0.0 |       5 |       0 |   0.0
        D:2 |      62 |       2 |   3.1 |      25 |       1 |   3.8
        D:3 |      28 |       0 |   0.0 |       8 |       0 |   0.0
            +---------+---------+-------+---------+---------+-------
